 Dungeon Crawl Stone Soup version 0.20-a0-1086-g4bd2f5b (webtiles) character file.

147169 FastMan the Executioner (level 16, 0/235 HPs)
             Began as a Minotaur Berserker on May 1, 2017.
             Was a High Priest of Trog.
             Killed from afar by a shock serpent (11 damage)
             ... with an electric aura
             ... on level 3 of the Snake Pit.
             The game lasted 00:26:35 (28620 turns).

FastMan the Executioner (Minotaur Berserker)       Turns: 28620, Time: 00:26:36

Health: 0/235      AC: 27    Str: 32    XL:     16   Next: 61%
Magic:  15/15      EV: 14    Int:  4    God:    Trog [*****.]
Gold:   422        SH:  0    Dex: 16    Spells: 15/15 levels left

rFire    . . .     SeeInvis .   a - +1 executioner's axe (elec)
rCold    . . .     Gourm    +   (shield currently unavailable)
rNeg     + . .     Faith    .   M - +0 plate armour (curse)
rPois    +         Spirit   .   H - +2 hat
rElec    .         Reflect  .   O - +0 cloak
rCorr    .         Harm     .   B - +0 pair of gloves
MR       +....                  D - +0 pair of boots
Stlth    ..........             u - amulet of the gourmand
Regen    0.5/turn               S - ring "Qirhish" {rN+ AC+4 Dex+4}
MPRegen  0.2/turn               L - ring of poison resistance

@: berserking, lethally poisoned (0 -> 0), very quick
A: retaliatory headbutt, horns 2
}: 1/15 runes: decaying
a: Berserk, Trog's Hand, Brothers in Arms, Burn Spellbooks, Renounce Religion


You were on level 3 of the Snake Pit.
You worshipped Trog.
Trog was extremely pleased with you.
You were not hungry.

You visited 4 branches of the dungeon, and saw 24 of its levels.

You collected 1443 gold pieces.
You spent 1021 gold pieces at shops.

Inventory:

Hand Weapons
 a - a +1 executioner's axe of electrocution (weapon)
 g - a +3 battleaxe of electrocution
 R - a +5 antimagic battleaxe
Armour
 d - a +0 chain mail
 y - a +1 large shield
 B - a +0 pair of gloves (worn)
 D - a +0 pair of boots (worn)
 H - a +2 hat (worn)
 M - a cursed +0 plate armour (worn)
 O - a +0 cloak (worn)
Jewellery
 i - an uncursed amulet of guardian spirit
 t - a +3 ring of protection
 u - an amulet of the gourmand (around neck)
 z - an uncursed ring of resist corrosion
 J - an uncursed ring of protection from cold
 L - a ring of poison resistance (right hand)
 P - an uncursed ring of stealth {unknown}
 S - the ring "Qirhish" (left hand) {rN+ AC+4 Dex+4}
   (You bought it in a shop on level 1 of the Snake Pit)

   [ring of protection]

   It affects your AC (+4).
   It affects your dexterity (+4).
   It protects you from negative energy.
Scrolls
 e - 4 scrolls of fear
 h - 4 scrolls of fog
 l - 6 scrolls of magic mapping
 n - 6 scrolls of enchant armour
 r - 2 scrolls of identify {@r1}
 x - 12 scrolls of remove curse {@r2}
 F - a scroll of holy word
 G - 2 scrolls of blinking {@r4}
 Q - a scroll of teleportation {@r3}
Potions
 b - a potion of invisibility {unknown}
 f - 3 potions of resistance
 j - 6 potions of flight
 k - 6 potions of curing {@q1}
 m - 3 potions of magic
 o - 4 potions of agility {@q5}
 p - 6 potions of berserk rage
 q - 8 potions of might {@q4}
 s - 3 potions of cancellation
 w - 3 potions of brilliance {@q6}
 C - 2 potions of lignification
 I - 3 potions of mutation
 K - a potion of heal wounds {@q2}
 N - a potion of haste {@q3}
Books
 T - a book of Changes

   Spells                             Type                      Level
   a - Beastly Appendage              Transmutation                1
   b - Sticks to Snakes               Transmutation                2
   c - Spider Form                    Transmutation/Poison         3
   d - Ice Form                       Ice/Transmutation            4
   e - Blade Hands                    Transmutation                5
   Trog disapproves of the use of such an item.
Comestibles
 c - 3 bread rations {@e1}
 v - 7 royal jellies {@e3}
 A - 5 meat rations {@e2}
 E - 9 fruits {@e4}


   Skills:
 + Level 18.0 Fighting
 * Level 23.4 Axes
 + Level 14.4 Armour
 - Level 8.2 Dodging


You had 15 spell levels left.
You didn't know any spells.

Dungeon Overview and Level Annotations

Branches:
Dungeon (11/15)            Temple (0/1) D:4            Lair (6/6) D:10
  Swamp (4/4) Lair:3        Snake (3/4) Lair:2        Slime (0/5) Lair:6
    Orc (0/2) D:9

Altars:
Ashenzari
Cheibriados
Elyvilon
Hepliaklqana
Makhleb
Okawaru
Uskayaw
Zin
Jiyva

Shops:
D:9 :(   Snake:1 =

Annotations:
Lair:3 exclusions: 2 electric eels and 2 more exclusions


Innate Abilities, Weirdness & Mutations

You reflexively headbutt those who attack you in melee.
You have a pair of horns on your head.


Message History

* * * LOW HITPOINT WARNING * * *
Unknown command.
You slice the shock serpent!!
The shock serpent is severely wounded.
The shock serpent's electric aura discharges violently, shocking you!
* * * LOW HITPOINT WARNING * * *
You hear an angry hiss.
The shock serpent bites you!
* * * LOW HITPOINT WARNING * * *
The shock serpent shocks you!
* * * LOW HITPOINT WARNING * * *
The shock serpent shoots out a bolt of lightning at you!
The bolt of electricity hits you!
* * * LOW HITPOINT WARNING * * *
An anaconda comes into view.
You open the shock serpent like a pillowcase!!!
You kill the shock serpent!
Trog accepts your kill.
The air sparks with electricity, shocking you!
You die...

....#.....S....
..#........N.....
.................
................#
.......S.........
...............#.
.<........†......
#........@......#
#.....<........#
#.......S.....##
##..............
##....S........
##............
##..........#
##....###.##
##...$


You could see an anaconda, a naga ritualist, 2 shock serpents and a black mamba.

Vanquished Creatures
  Gastronok (D:8)
  A nagaraja (Snake:2)
  Kirke (Lair:4)
  The ghost of FastMan the Severer, a journeyman MiBe of Trog (Swamp:2)
  3 dire elephants (Lair:6)
  Josephine (D:10)
  The ghost of Fernandocris the Cruncher, a journeyman FoFi of Okawaru (D:11)
  2 ghost crabs
  Erolcha (D:10)
  19 hydras
  4 naga warriors (Snake:2)
  4 anacondas
  2 two-headed ogres
  A queen ant (Lair:4)
  2 death yaks (Lair:6)
  A tengu warrior (Swamp:4)
  8 spriggans
  8 alligators
  A shock serpent (Snake:3)
  5 naga sharpshooters
  Nergalle (Lair:4)
  3 naga ritualists
  8 swamp dragons
  The ghost of FastMan the Cleaver, a novice MiBe of Trog (D:6)
  Pikel (D:8)
  3 shambling mangroves
  A mana viper (Snake:1)
  3 salamanders (Snake:2)
  10 ugly things
  24 black mambas
  3 naga magi (Snake:2)
  15 elephants
  26 spiny frogs
  Psyche (D:8)
  2 rime drakes
  10 komodo dragons
  A queen bee (Lair:5)
  A tengu conjurer (Swamp:4)
  A troll (D:11)
  3 meliai (Lair:5)
  13 hornets
  Grinder (D:3)
  13 bog bodies
  8 tyrant leeches
  23 slime creatures
  7 dream sheep (Lair:6)
  24 blink frogs
  7 hippogriffs
  4 wyverns
  8 redbacks (Snake:1)
  24 yaks
  2 basilisks
  5 wraiths
  4 hogs (Lair:4)
  2 hungry ghosts
  17 vampire mosquitoes
  3 insubstantial wisps
  17 swamp worms
  24 nagas
  19 soldier ants (Lair:4)
  Edmund (D:5)
  Duvessa (D:6)
  9 porcupines
  10 water moccasins
  4 orc warriors
  2 ice beasts
  3 phantoms
  2 slaves (D:8)
  A hornet zombie (D:9)
  A necrophage (D:10)
  The ghost of Leonis the Chopper, an amateur HOFi (D:3)
  A sky beast (D:6)
  14 swamp drakes
  A centaur (D:5)
  2 ogres
  7 wolves
  16 crocodiles
  Blork the orc (D:5)
  15 bullfrogs
  Dowan (D:6)
  28 killer bees
  A water moccasin skeleton (D:5)
  A scorpion (D:11)
  A howler monkey (D:4)
  4 crimson imps
  4 hounds
  2 bullfrog zombies (D:9)
  An orc priest (D:10)
  A bullfrog skeleton (D:5)
  2 gnoll shamans (D:6)
  10 orc wizards
  3 iguanas
  Jessica (D:2)
  2 hell rats (Lair:5)
  16 worker ants
  A hound skeleton (D:5)
  Robin (D:2)
  11 gnolls (D:6)
  9 adders
  A shadow imp (D:8)
  2 oozes (D:2)
  3 adder skeletons
  An adder zombie (D:7)
  3 worms
  The ghost of FastMan the Chopper, a weakling MiBe of Trog (D:4)
  3 dart slugs
  3 leopard geckos
  59 orcs
  6 bats
  6 giant cockroaches
  17 goblins
  8 hobgoblins
  4 jackals
  4 quokkas
  3 ball pythons
  2 frilled lizards (D:2)
  A jackal skeleton (D:4)
  6 kobolds
  3 quokka skeletons (D:6)
  12 rats
  5 briar patches (Swamp:3)
  9 plants
764 creatures vanquished.

Vanquished Creatures (collateral kills)
  A thorn hunter (Swamp:3)
  The ghost of Maxmaps the Pandemonic, an adept DsGl of Makhleb (Swamp:1)
  The ghost of FastMan the Severer, a journeyman MiBe of Trog (Swamp:1)
  4 death yaks
  A spriggan druid (Swamp:4)
  A swamp dragon (Swamp:3)
  A shambling mangrove (Swamp:3)
  2 rime drakes
  A water moccasin (Lair:5)
  A wolf (Lair:5)
  10 killer bees (Lair:5)
24 creatures vanquished.

Vanquished Creatures (others)
  3 insubstantial wisps (Swamp:2)
  A goblin (D:2)
  A briar patch (Swamp:3)
  35 fungi
  27 plants
67 creatures vanquished.

Grand Total: 855 creatures vanquished

Notes
Turn   | Place    | Note
-------+----------+-------------------------------------------
     0 | D:1      | FastMan the Minotaur Berserker began the quest for the Orb.
     0 | D:1      | Reached XP level 1. HP: 19/19 MP: 0/0
   122 | D:1      | Reached skill level 4 in Axes
   122 | D:1      | Reached XP level 2. HP: 27/27 MP: 1/1
   288 | D:1      | Reached ** piety under Trog
   342 | D:1      | Reached XP level 3. HP: 33/33 MP: 2/2
   414 | D:2      | Found a shattered altar of Ashenzari.
   417 | D:2      | Found a hide-covered altar of Uskayaw.
   420 | D:2      | Found a hazy altar of Hepliaklqana.
   455 | D:2      | Reached skill level 5 in Axes
   514 | D:2      | Noticed Robin
   519 | D:2      | Reached XP level 4. HP: 31/41 MP: 3/3
   524 | D:2      | Killed Robin
   815 | D:2      | Noticed Jessica
   830 | D:2      | Killed Jessica
   830 | D:2      | Reached skill level 6 in Axes
   913 | D:2      | Found a snail-covered altar of Cheibriados.
   916 | D:2      | Reached XP level 5. HP: 45/47 MP: 2/4
  1004 | D:3      | Noticed Leonis's ghost (amateur HOFi)
  1016 | D:3      | Killed Leonis's ghost
  1016 | D:3      | Reached skill level 5 in Fighting
  1156 | D:3      | Reached *** piety under Trog
  1212 | D:3      | Received a gift from Trog
  1308 | D:3      | Noticed Grinder
  1317 | D:3      | Paralysed by Grinder for 2 turns
  1330 | D:3      | Killed Grinder
  1330 | D:3      | Reached skill level 7 in Axes
  1330 | D:3      | Reached XP level 6. HP: 36/57 MP: 2/5
  1344 | D:3      | Reached skill level 8 in Axes
  1344 | D:3      | Reached XP level 7. HP: 37/63 MP: 3/6
  1846 | D:4      | Noticed FastMan's ghost (weakling MiBe)
  1853 | D:4      | Killed FastMan's ghost
  1946 | D:4      | Reached skill level 9 in Axes
  2008 | D:4      | Found a staircase to the Ecumenical Temple.
  2276 | D:5      | Entered Level 5 of the Dungeon
  2279 | D:5      | Found a white marble altar of Elyvilon.
  2279 | D:5      | Noticed Edmund
  2287 | D:5      | Killed Edmund
  2425 | D:5      | Noticed Blork the orc
  2435 | D:5      | Killed Blork the orc
  2435 | D:5      | Reached XP level 8. HP: 73/73 MP: 7/7
  2643 | D:5      | Reached skill level 10 in Axes
  3181 | D:6      | Noticed Duvessa
  3184 | D:6      | Noticed Dowan
  3196 | D:6      | Killed Duvessa
  3196 | D:6      | Reached skill level 11 in Axes
  3199 | D:6      | Killed Dowan
  3199 | D:6      | Reached **** piety under Trog
  3305 | D:6      | Noticed FastMan's ghost (novice MiBe)
  3317 | D:6      | Killed FastMan's ghost
  3317 | D:6      | Reached skill level 12 in Axes
  3317 | D:6      | Reached XP level 9. HP: 25/83 MP: 3/8
  3411 | D:6      | Found an iron altar of Okawaru.
  3845 | D:7      | Found a glowing silver altar of Zin.
  4249 | D:8      | Noticed a two-headed ogre
  4255 | D:8      | Killed a two-headed ogre
  4255 | D:8      | Reached skill level 10 in Fighting
  4255 | D:8      | Reached skill level 13 in Axes
  4444 | D:8      | Noticed Psyche
  4453 | D:8      | Killed Psyche
  4453 | D:8      | Reached XP level 10. HP: 94/94 MP: 7/9
  4515 | D:8      | Found a burning altar of Makhleb.
  4527 | D:8      | Noticed Pikel
  4538 | D:8      | Killed Pikel
  4538 | D:8      | Reached skill level 14 in Axes
  4877 | D:8      | Noticed Gastronok
  4894 | D:8      | Killed Gastronok
  4894 | D:8      | Reached ***** piety under Trog
  4894 | D:8      | Reached skill level 15 in Axes
  5050 | D:9      | Found Sinkausi's Book Shoppe.
  5298 | D:9      | Found a staircase to the Orcish Mines.
  5356 | D:9      | Found Utoti Ulisch's Weapon Shop.
  5365 | D:9      | Bought a +2 hand axe of flaming for 243 gold pieces
  5412 | D:9      | Noticed a two-headed ogre
  5420 | D:9      | Killed a two-headed ogre
  5911 | D:10     | Entered Level 10 of the Dungeon
  5916 | D:10     | Noticed Josephine
  5927 | D:10     | Killed Josephine
  5927 | D:10     | Reached skill level 16 in Axes
  5927 | D:10     | Reached XP level 11. HP: 104/104 MP: 8/10
  5934 | D:10     | Received a gift from Trog
  6266 | D:10     | Found a staircase to the Lair.
  6302 | D:10     | Noticed Erolcha
  6307 | D:10     | Killed Erolcha
  6938 | D:11     | Noticed a cyan ugly thing
  6944 | D:11     | Killed a cyan ugly thing
  7077 | D:11     | Found a labyrinth entrance.
  7307 | D:11     | Noticed a white ugly thing
  7318 | D:11     | Killed a white ugly thing
  7725 | D:11     | Noticed Fernandocris's ghost (journeyman FoFi)
  7731 | D:11     | Killed Fernandocris's ghost
  7731 | D:11     | Reached skill level 17 in Axes
  8211 | Lair:1   | Entered Level 1 of the Lair of Beasts
  8342 | Lair:1   | Noticed a four-headed hydra
  8354 | Lair:1   | Killed an 11-headed hydra
  8354 | Lair:1   | Reached skill level 5 in Armour
  8788 | Lair:1   | Reached XP level 12. HP: 83/115 MP: 3/11
  9762 | Lair:3   | Reached skill level 18 in Axes
 10312 | Lair:3   | Noticed a four-headed hydra
 10320 | Lair:3   | Killed a seven-headed hydra
 10443 | Lair:3   | Noticed an eight-headed hydra
 10444 | Lair:3   | Found a staircase to the Swamp.
 10455 | Lair:3   | Killed a 13-headed hydra
 11144 | Lair:4   | Noticed Kirke
 11208 | Lair:4   | Received a gift from Trog
 11222 | Lair:4   | Killed Kirke
 11287 | Lair:4   | Noticed Nergalle
 11298 | Lair:4   | Killed Nergalle
 11298 | Lair:4   | Reached skill level 19 in Axes
 11791 | Lair:4   | Noticed a five-headed hydra
 11799 | Lair:4   | Killed a nine-headed hydra
 12096 | Lair:4   | Reached XP level 13. HP: 115/125 MP: 4/12
 12853 | Lair:5   | Received a gift from Trog
 13311 | Lair:5   | Reached skill level 20 in Axes
 13565 | Lair:5   | Identified the Reference Book on the Poisonous Entourage
 13705 | Lair:6   | Entered Level 6 of the Lair of Beasts
 14186 | Lair:6   | Reached skill level 15 in Fighting
 14280 | Lair:5   | Reached skill level 10 in Armour
 15423 | Lair:6   | Reached XP level 14. HP: 124/135 MP: 4/13
 15673 | Lair:6   | Received a gift from Trog
 15674 | Lair:6   | Got a warped triple sword {god gift}
 15877 | Lair:6   | Reached skill level 21 in Axes
 16506 | Lair:6   | Found a viscous altar of Jiyva.
 16507 | Lair:6   | Found a staircase to the Slime Pits.
 16677 | Swamp:1  | Entered Level 1 of the Swamp
 16791 | Swamp:1  | Noticed Maxmaps's ghost (adept DsGl)
 16798 | Swamp:1  | Killed Maxmaps's ghost
 17061 | Swamp:1  | Noticed FastMan's ghost (journeyman MiBe)
 17071 | Swamp:1  | Killed FastMan's ghost
 19199 | Swamp:2  | Reached skill level 22 in Axes
 19416 | Swamp:2  | Reached XP level 15. HP: 141/145 MP: 4/14
 19455 | Swamp:2  | Received a gift from Trog
 19884 | Swamp:2  | Identified a scroll of acquirement
 20364 | Swamp:3  | Reached skill level 5 in Dodging
 20539 | Swamp:4  | Entered Level 4 of the Swamp
 20707 | Swamp:3  | Noticed a thorn hunter
 20719 | Swamp:3  | Killed a thorn hunter
 22088 | Swamp:3  | HP: 3/147 [swamp dragon (7)]
 22187 | Swamp:2  | Noticed FastMan's ghost (journeyman MiBe)
 22489 | Swamp:2  | Killed FastMan's ghost
 23333 | Swamp:4  | Got a decaying rune of Zot
 24818 | Lair:2   | Reached XP level 16. HP: 155/155 MP: 15/15
 24869 | Lair:2   | Found a staircase to the Snake Pit.
 25281 | Snake:1  | Entered Level 1 of the Snake Pit
 26475 | Snake:1  | Found Fegikk's Jewellery Shoppe.
 26483 | Snake:1  | Bought the ring "Qirhish" {rN+ AC+4 Dex+4} for 778 gold pieces
 27131 | Snake:2  | Reached skill level 23 in Axes
 27422 | Snake:2  | Found a frozen archway.
 27432 | Snake:2  | Received a gift from Trog
 28619 | Snake:3  | HP: 11/235 [shock serpent/bolt of electricity (8)]
 28620 | Snake:3  | Killed from afar by a shock serpent

Vault maps used:
D:1:      minmay_arrival_radiant_lines
D:2:      cheibrodos_pilgrimage, grunt_temple_overflow_diamond,
          kennysheep_slug_shrine, uniq_robin, uniq_jessica
D:3:      first_bread, uniq_grinder
D:4:      temple_hall_moat
D:5:      elyvilon_altar_5, serial_bayou_lake_a, uniq_crazy_yiuf_cottage,
          uniq_blork_the_orc, uniq_edmund
D:6:      kennysheep_okawaru_gauntlet, uniq_duvessa
D:7:      zin_treasury, the_bakery
D:8:      basic_altar, grunt_decor_cap, uniq_pikel, uniq_gastronok, uniq_psyche
D:9:      hiddenorc2_lemuel, serial_shops, nicolae_shop_behind_doors,
          shop_statue
D:10:     dpeg_oklobed_lair, uniq_erolcha, uniq_josephine
D:11:     lab_entry_generic, serial_park_tiny_pond, minivault_1
Lair:1:   lemuel_fruit_fields, grunt_megastairs_5, infiniplex_staircase_pool
Lair:2:   guppyfry_snake_entry_garden
Lair:3:   minmay_swamp_entry_reptiles
Lair:4:   zaba_antful_of_joy, uniq_kirke, uniq_nergalle
Lair:5:   regret_index_combs_of_tragedy, beast_lair_carwin_1
Lair:6:   due_jungle_book, dpeg_slime_entry_enclosed_altar, grunt_megastairs_2
Swamp:1:  evilmike_swamp_ruin_house_4
Swamp:2:  evilmike_swamp_ruin_house_2, swamp_pool1, st_swamp_mini
Swamp:3:  hangedman_swamp_pad
Swamp:4:  grunt_swamp_rune_castle, kb_tengu_band
Snake:1:  serial_shops, shop, spider_trap
Snake:2:  portal_ice_cave_entry_ugly_swarm
Snake:3:  spider_trap, st_stairs_3

Skill      XL: |  1  2  3  4  5  6  7  8  9 10 11 12 13 14 15 16 |
---------------+-------------------------------------------------+-----
Axes           | 4 5 6 7 8 9 12 13 16 17 19 20 22 23 | 23.4
Fighting       | 4 6 7 9 10 12 13 14 15 16 17 18 | 18.0
Armour         | 5 8 10 12 13 14 | 14.4
Dodging        | 4 7 8 |  8.2

Action                   |  1- 3 |  4- 6 |  7- 9 | 10-12 | 13-15 | 16-18 || total
-------------------------+-------+-------+-------+-------+-------+-------++-------
Melee: Hand axe          |    82 |   105 |   213 |       |    46 |       ||   446
       Headbutt          |    13 |    14 |    56 |    98 |   183 |    43 ||   407
       War axe           |       |       |    70 |   174 |       |       ||   244
       Battleaxe         |       |       |       |   305 |   893 |    30 ||  1228
       Unarmed           |       |       |       |     2 |       |       ||     2
       Executioner's axe |       |       |       |       |       |   160 ||   160
Invok: Berserk           |       |     3 |     9 |    13 |    26 |     4 ||    55
       Trog's Hand       |       |     1 |     2 |     1 |    15 |     1 ||    20
       Burn Spellbooks   |       |     1 |       |       |     2 |       ||     3
       Brothers in Arms  |       |       |       |       |     8 |       ||     8
  Use: Scroll            |       |       |     9 |    18 |    13 |       ||    40
       Potion            |       |       |       |       |     6 |       ||     6
  Eat: Chunk             |       |     3 |    18 |    44 |    58 |     6 ||   129
       Bread ration      |       |       |     2 |     1 |     4 |     1 ||     8
       Meat ration       |       |       |       |       |     1 |       ||     1
Armor: Chain mail        |    43 |    60 |   130 |   283 |   720 |     2 ||  1238
       Plate armour      |       |       |       |       |       |   132 ||   132
Dodge: Dodged            |    42 |    43 |    80 |   180 |   519 |    86 ||   950
Block: Large shield      |       |       |    69 |    83 |       |       ||   152
